 Dungeon Crawl Stone Soup version 0.18-a0-1088-g34ef3a2 (webtiles) character file.

39 ater218 the Grave Robber (level 3, 23/24 HPs)
             Began as a Mummy Necromancer on Jan 15, 2016.
             Quit the game on level 2 of the Dungeon.
             The game lasted 00:07:52 (1547 turns).

ater218 the Grave Robber (Mummy Necromancer)        Turns: 1547, Time: 00:07:52

Health: 23/24      AC:  2    Str: 11    XL:     3   Next: 28%
Magic:  6/6        EV: 12    Int: 15    God:
Gold:   65         SH:  0    Dex: 12    Spells: 3 memorised, 1 level left

rFire  x . .     SeeInvis .     (no weapon)
rCold  + . .     Gourm    .     a - +0 robe
rNeg   + + +     Faith    .     (no shield)
rPois  ∞         Spirit   .     (no helmet)
rElec  .         Dismiss  .     (no cloak)
rCorr  .         Reflect  .     (no gloves)
SustAt .         Harm     .     (no boots)
MR     .....                    (no amulet)
Stlth  ++........               (no ring)
                                (no ring)

@: not resistant to hostile enchantments, unstealthy
A: no food or potions, fire vulnerability, cold resistance 1, negative energy
resistance 3, torment resistance, unbreathing
a: no special abilities


You were on level 2 of the Dungeon.
You were not hungry.

You visited 1 branch of the dungeon, and saw 2 of its levels.

You collected 65 gold pieces.

Inventory:

Armour
 a - a +0 robe (worn)
Jewellery
 e - a +3 ring of evasion {unknown}
Scrolls
 c - 2 scrolls of fog {unknown}
 d - 3 scrolls of identify {unknown}
 f - a scroll of teleportation {unknown}
 g - a scroll of fear {unknown}
Books
 b - a book of Necromancy

   Spells                             Type                      Level
   a - Pain                           Necromancy                   1
   b - Animate Skeleton               Necromancy                   1
   c - Vampiric Draining              Necromancy                   3
   d - Regeneration                   Charms/Necromancy            3
   e - Animate Dead                   Necromancy                   4
   f - Control Undead                 Necromancy                   4


   Skills:
 + Level 1.7 Dodging
 + Level 1.6 Stealth
 + Level 2.4 Spellcasting
 + Level 4.7 Necromancy


You had one spell level left.
You knew the following spells:

 Your Spells              Type           Power        Failure   Level  Hunger
a - Pain                  Necr           ###.         3%          1    N/A
b - Animate Skeleton      Necr           N/A          3%          1    N/A
c - Vampiric Draining     Necr           ###.......   12%         3    N/A

Dungeon Overview and Level Annotations

Branches:
Dungeon (2/15)

Altars:


Innate Abilities, Weirdness & Mutations

You do not eat or drink.
Your flesh is vulnerable to fire.
You are immune to poison.
Your flesh is cold resistant.
You are immune to negative energy.
You are immune to unholy pain and torment.
You can survive without breathing.


Message History

Casting: Pain
Confirm with . or Enter, or press ? or * to list all spells.
Aiming: Pain
Press: ? - help, Shift-Dir - straight line, f/p - adder
Aim: an adder (heavily wounded, chance to defeat MR: 80%)
The adder convulses in agony!
You kill the adder!
Casting: Pain
Confirm with . or Enter, or press ? or * to list all spells.
Okay, then.
You see here an adder corpse.
You start resting.
Magic restored.
Memorise Vampiric Draining, consuming 3 spell levels and leaving 1?
You start memorising the spell.
You continue memorising. x3
You finish memorising.
Spell assigned to 'c'.
Okay, then.
Found a hand axe.
There is an open door here.
Are you sure you want to abandon this character and quit the game? (Confirm with "yes".)

##+## ##...## # ##
##.....## #)#.##
##...!...##
####....####.........#
.......@...'†........+
#####(..####.........#
#..## ##.......## #.#
##.....## ... ##...##
.##. ##'## # . #.# .
#####.#####
###.........#


There were no monsters in sight!

Vanquished Creatures
  2 adders (D:2)
  4 goblins (D:1)
  A hobgoblin (D:1)
  2 jackals (D:1)
  7 bats (D:1)
  A giant newt (D:1)
  3 kobolds (D:1)
  2 rats (D:1)
22 creatures vanquished.

Notes
Turn   | Place    | Note
--------------------------------------------------------------
     0 | D:1      | ater218 the Mummy Necromancer began the quest for the Orb.
     0 | D:1      | Reached XP level 1. HP: 13/13 MP: 3/3
   272 | D:1      | Learned a level 1 spell: Animate Skeleton
   543 | D:1      | Reached XP level 2. HP: 4/19 MP: 0/5
  1435 | D:2      | Reached XP level 3. HP: 24/24 MP: 3/6
  1542 | D:2      | Learned a level 3 spell: Vampiric Draining
  1547 | D:2      | Quit the game

Vault maps used:
D:1:      dpeg_arrival_leaves_temple_mockup, corexii_item_surrounded_by_moat,
          minivault_26, grunt_decor_cap, minmay_unequal
D:2:      okawaru_altar_gauntlet_db, first_bread

Action                   || total
-------------------------++-------
Melee: Unarmed           ||     6
 Cast: Pain              ||    33
       Animate Skeleton  ||     5
